 Dungeon Crawl Stone Soup version 0.27-a0-170-g607d9e9d85 (webtiles) character file.

Game seed: 7942152786851258037

138 knot the Chopper (level 5, 55/61 HPs)
             Began as a Demonspawn Berserker on Jan 29, 2021.
             Was a Believer of Trog.
             Quit the game on level 2 of the Dungeon.
             The game lasted 00:03:17 (2433 turns).

knot the Chopper (Demonspawn Berserker)             Turns: 2433, Time: 00:03:17

Health: 55/61      AC:  5    Str: 17    XL:     5   Next: 1%
Magic:  5/5        EV: 11    Int:  9    God:    Trog [**....]
Gold:   100        SH:  0    Dex: 13    Spells: 4/4 levels left

rFire    . . .     SeeInvis .   a - +0 hand axe
rCold    . . .     Faith    .   (no shield)
rNeg     . . .     Spirit   .   n - +0 ring mail
rPois    .         Reflect  .   (no helmet)
rElec    .         Harm     .   (no cloak)
rCorr    .         Rampage  .   (no gloves)
Will     .....                  (no boots)
Stlth    ..........             i - amulet of inaccuracy (curse)
HPRegen  0.20/turn              (no ring)
MPRegen  0.09/turn              (no ring)

@: berserking, very quick
A: powered by death 1, powered by pain 1
a: Renounce Religion, Berserk, Trog's Hand


You were on level 2 of the Dungeon.
You worshipped Trog.
Trog was pleased with you.
You visited 1 branch of the dungeon, and saw 3 of its levels.

You collected 100 gold pieces.

Inventory:

Hand Weapons
 a - a +0 hand axe (weapon)
Missiles
 g - 21 sling bullets
 j - 109 stones
 l - 9 poisoned darts
 o - a throwing net
 p - 4 boomerangs
Armour
 n - a +0 ring mail (worn)
Jewellery
 i - a cursed amulet of inaccuracy (around neck)
 k - a cursed amulet of magic regeneration {unknown}
 q - an uncursed amulet of faith {unknown}
Scrolls
 f - 5 scrolls of identify
 m - a scroll of teleportation
Potions
 b - a potion of resistance {unknown}
 c - a potion of haste
 d - a potion of invisibility
 e - 4 potions of curing {unknown}
 h - a potion of heal wounds {unknown}
 r - a potion of cancellation {unknown}
 s - a potion of might


   Skills:
 - Level 3.0 Fighting
 + Level 5.2 Axes
 - Level 1.7 Armour
 - Level 1.7 Dodging


You had 4 spell levels left.
You didn't know any spells.
Your spell library was empty.

Dungeon Overview and Level Annotations

Branches:
Dungeon (3/15)

Altars:


Innate Abilities, Weirdness & Mutations

You regenerate a little health from kills.
You sometimes gain a little power by taking damage.


Message History

Things that are here:
a +0 dagger; a +0 dagger; a goblin corpse
There is a stone staircase leading up here.
The orc closely misses you.
You climb upwards.
There is a stone staircase leading down here.
A red film seems to cover your vision as you go berserk!
You feel yourself moving faster!
You feel mighty!
The orc hits you with a cursed +0 war axe.
You barely miss the orc. You hit the orc.
The orc is heavily wounded.
The orc closely misses you.
You slash the orc!
You kill the orc!
Trog accepts your kill.
You have reached level 5!
Your demonic ancestry asserts itself...
You feel energised by your suffering.
Are you sure you want to abandon this character and quit the game? (Confirm with "yes".)

#############
#...........#
#...........#
####...........###
#@.'...........+..
#)##...........###
#.##...........#
#.#............#
#....#..8..#...#
#....##...##...#
#^#..#######..##
#.#..##...##..####
#....#..8..#......


There were no monsters in sight!

Vanquished Creatures
  A howler monkey (D:2)
  Terence (D:2)
  2 adders (D:2)
  A worm (D:2)
  4 orcs
  A ball python (D:1)
  4 giant cockroaches
  7 goblins
  5 hobgoblins
  4 jackals (D:1)
  A quokka (D:2)
  7 bats
  3 frilled lizards
  7 kobolds
  A rat (D:1)
49 creatures vanquished.

Vanquished Creatures (others)
  An orc (D:3)
  A fungus (D:3)
  16 plants
18 creatures vanquished.

Grand Total: 67 creatures vanquished

Notes
Turn   | Place    | Note
-------+----------+-------------------------------------------
     0 | D:1      | knot the Demonspawn Berserker began the quest for the Orb.
     0 | D:1      | Reached XP level 1. HP: 18/18 MP: 1/1
   216 | D:1      | Reached skill level 3 in Axes
   232 | D:1      | Gained mutation: You regenerate a little health from kills.
                  | [demonic ancestry]
   232 | D:1      | Reached XP level 2. HP: 15/24 MP: 2/2
  1472 | D:2      | Reached ** piety under Trog
  1473 | D:2      | Reached XP level 3. HP: 16/29 MP: 3/3
  1487 | D:2      | Reached skill level 4 in Axes
  1877 | D:2      | Noticed Terence
  1883 | D:2      | Reached XP level 4. HP: 35/35 MP: 4/4
  1928 | D:2      | Killed Terence
  1929 | D:2      | Reached skill level 5 in Axes
  2433 | D:2      | Gained mutation: You sometimes gain a little power by
                  | taking damage. [demonic ancestry]
  2433 | D:2      | Reached XP level 5. HP: 41/41 MP: 5/5
  2433 | D:2      | Quit the game

Illustrated notes

Levels and vault maps discovered:
D:1:      roderic_crop_circles_arrival_small, layout_basic, st_stairs_9
D:2:      layout_basic, mrwooster_statue_mirror, grunt_ministairs_12,
          uniq_terence
D:3:      layout_loops_ring, marbit_many_paths, nicolae_ru_the_path_less_chosen

Skill      XL: |  1  2  3  4 |
---------------+-------------+-----
Axes           | 3 4 5 |  5.2
Fighting       | |  3.0
Armour         | |  1.7
Dodging        | |  1.7

Action                   |  1- 3 |  4- 6 || total
-------------------------+-------+-------++-------
Melee: Hand axe          |   150 |    47 ||   197
Invok: Berserk           |     4 |     3 ||     7
       Trog's Hand       |       |     1 ||     1
  Use: Scroll            |     4 |       ||     4
       Potion            |       |     1 ||     1
 Stab: Invisible         |       |     3 ||     3
Armor: Animal skin       |    28 |       ||    28
       Ring mail         |    55 |    12 ||    67
Dodge: Dodged            |   130 |    32 ||   162

Table legend: (Time is in decaauts)
 A = Elapsed time spent in this place.
 B = Non-inter-level travel time spent in this place.
 C = Inter-level travel time spent in this place.
 D = Time resting spent in this place.
 E = Time spent auto-exploring this place.
 F = Levels seen in this place.
 G = Mean time per level.
                   A        B        C        D        E       F      G
               +--------+--------+--------+--------+--------+-----+--------+
         Total |   2511 |   2436 |     75 |    670 |   1288 |   3 |  837.0 |
       Dungeon |   2511 |   2436 |     75 |    670 |   1288 |   3 |  837.0 |
               +--------+--------+--------+--------+--------+-----+--------+

Top non-repeatable levels by time:
     D:1: 1427 daAuts
     D:2: 830 daAuts
     D:3: 254 daAuts
